AoeStats
← OctopusRewind

Hideout

508335522Analyzed
1v1 RM · 11d ago on Sep 22, 2026· 31m 2s· 2 players
Game mode
Random Map
Map size
Tiny (2 player)
Population
200
Speed
Normal
Resources
Standard
Victory
Conquest
Starting age
Dark Age
Ending age
Imperial Age
RankedLock teamsTeams togetherTeam positionsShared explorationLock speedFull tech treeHidden civsTurbo modeCheats
Victory
Defeat
🇩🇪 Goths · Germany
580
+15
🇺🇸 Shu · United States
549
-29
OctopusRewind
3:30 Loom
15:38 Feudal Age
17:04 Double-Bit Axe
17:04 Horse Collar
17:16 Gold Mining
17:26 Arson
19:48 Stone Mining
19:49 Man-at-Arms
21:53 Wheelbarrow
21:04 Town Watch
Malato1846
6:35 Loom
12:23 Feudal Age
14:14 Scale Mail Armor
13:38 Man-at-Arms
16:52 Castle Age
16:27 Double-Bit Axe
18:52 Squires
19:37 Forging
21:48 Long Swordsman
25:26 Wheelbarrow
26:48 Chain Mail Armor
28:44 Iron Casting
29:03 Gold Mining
Connection lost

Rejoining the realm…

Still unreachable

The connection could not be restored.

Session expired

The server has moved on; the page needs a fresh start.